 Dungeon Crawl Stone Soup version 0.21-a0-125-gb006224 (webtiles) character file.

329 Manul the Conjurer (level 6, 0/32 HPs)
             Began as a Deep Elf Conjurer on July 15, 2017.
             Slain by a centaur (7 damage)
             ... on level 4 of the Dungeon.
             The game lasted 00:05:17 (3299 turns).

Manul the Conjurer (Deep Elf Conjurer)              Turns: 3299, Time: 00:05:17

Health: 0/32       AC:  3    Str:  5    XL:     6   Next: 25%
Magic:  4/15       EV: 19    Int: 22    God:
Gold:   171        SH:  0    Dex: 20    Spells: 9/15 levels left

rFire    . . .     SeeInvis .   w - +2 quarterstaff (chaos)
rCold    . . .     Gourm    .   (shield currently unavailable)
rNeg     . . .     Faith    .   a - +0 robe
rPois    .         Spirit   .   (no helmet)
rElec    .         Reflect  .   x - +0 cloak
rCorr    .         Harm     .   (no gloves)
MR       .....                  (no boots)
Stlth    ++++......             (no amulet)
HPRegen  0.10/turn              (no ring)
MPRegen  0.14/turn              (no ring)

@: agile
A: no striking features
a: no special abilities


You were on level 4 of the Dungeon.
You were not hungry.

You visited 1 branch of the dungeon, and saw 4 of its levels.

You collected 171 gold pieces.

Inventory:

Hand Weapons
 o - a +2 whip of freezing
 w - a +2 quarterstaff of chaos (weapon)
Armour
 a - a +0 robe (worn)
 x - a +0 cloak (worn)
Jewellery
 l - an uncursed ring of see invisible {unknown}
Wands
 n - a wand of polymorph (11/24)
Scrolls
 d - 3 scrolls of teleportation {unknown}
 f - a scroll of enchant weapon {unknown}
 h - 3 scrolls of identify {unknown}
 k - 2 scrolls of remove curse {unknown}
 p - a scroll of recharging {unknown}
 q - a scroll of enchant armour {unknown}
 t - a scroll of random uselessness {unknown}
 u - a scroll of immolation {unknown}
Potions
 e - 2 potions of heal wounds {unknown}
 i - 2 potions of flight
 r - a potion of brilliance {unknown}
Books
 b - a book of Conjurations

   Spells                             Type                      Level
   a - Magic Dart                     Conjuration                  1
   b - Searing Ray                    Conjuration                  2
   c - Dazzling Spray                 Conjuration/Hexes            3
   d - Fulminant Prism                Conjuration/Hexes            4
   e - Force Lance                    Conjuration/Translocation    4
   f - Iskenderun's Mystic Blast      Conjuration                  4
Comestibles
 c - a bread ration
 m - 2 chunks of flesh
 s - a meat ration
 v - a royal jelly


   Skills:
 + Level 0.2 Fighting
 + Level 0.6 Staves
 + Level 3.6 Dodging
 + Level 3.9 Stealth
 - Level 0.1 Unarmed Combat
 + Level 5.1 Spellcasting
 + Level 6.3 Conjurations
 + Level 0.3 Hexes


You had 9 spell levels left.
You knew the following spells:

 Your Spells              Type           Power        Failure   Level  Hunger
a - Magic Dart            Conj           ####         1%          1    None
b - Searing Ray           Conj           ####..       1%          2    None
c - Dazzling Spray        Conj/Hex       ###...       8%          3    ##.....


Dungeon Overview and Level Annotations

Branches:
Dungeon (4/15)
 Temple: D:4-7

Altars:
Nemelex Xobeh
The Shining One


Message History

Aiming: Magic Dart
Press: ? - help, Shift-Dir - straight line, f - centaur
Aim: a centaur (lightly wounded)
The magic dart hits the centaur.
The centaur is moderately wounded.
The centaur hits you! x2
* * * LOW HITPOINT WARNING * * *
Casting: Magic Dart
Confirm with . or Enter, or press ? or * to list all spells.
Aiming: Magic Dart
Press: ? - help, Shift-Dir - straight line, f/p - centaur
Aim: a centaur (moderately wounded)
The magic dart hits the centaur.
The centaur is moderately wounded.
The worker ant twitches its antennae in your direction.
The centaur hits you but does no damage.
It was a potion of agility.
You feel agile all of a sudden. The centaur hits you!
You die...

#........ .....#.
#..#.####
.#..#...
#..#.....
#.#.##...
##..#..... . ..
#... .#####.....#
.. ....
#...........# .
)...
#..####.....##
..#. ##...>.# #
#. #....@# # #
##...c†####...?
#.......!.).c.#
#......(.........
#...........(....
#..?.............
#................
#................
.#+#............


You could see a centaur.

Vanquished Creatures
  An ogre (D:4)
  Crazy Yiuf (D:3)
  Natasha (thrice) (D:2)
  A worker ant (D:4)
  Robin (D:2)
  2 adders (D:2)
  An ooze (D:3)
  2 dart slugs
  A leopard gecko (D:1)
  9 bats
  5 giant cockroaches
  13 goblins
  9 hobgoblins
  11 jackals
  4 frilled lizards
  12 kobolds
  4 rats
80 creatures vanquished.

Notes
Turn   | Place    | Note
-------+----------+-------------------------------------------
     0 | D:1      | Manul the Deep Elf Conjurer began the quest for the Orb.
     0 | D:1      | Reached XP level 1. HP: 10/10 MP: 6/6
   392 | D:1      | Reached XP level 2. HP: 15/15 MP: 5/8
   588 | D:1      | Reached skill level 5 in Conjurations
   698 | D:1      | Learned a level 2 spell: Searing Ray
  1349 | D:2      | Noticed Natasha
  1440 | D:2      | Found a sparkling altar of Nemelex Xobeh.
  1447 | D:2      | Killed Natasha
  1447 | D:2      | Reached XP level 3. HP: 19/19 MP: 4/9
  1454 | D:2      | Noticed Natasha
  1478 | D:2      | Killed Natasha
  1478 | D:2      | Reached XP level 4. HP: 13/24 MP: 9/11
  1492 | D:2      | Noticed Natasha
  1604 | D:2      | Noticed Robin
  1631 | D:2      | Killed Robin
  1942 | D:2      | Killed Natasha
  1942 | D:2      | Reached skill level 6 in Conjurations
  1976 | D:2      | Reached XP level 5. HP: 26/28 MP: 5/13
  2132 | D:2      | Learned a level 3 spell: Dazzling Spray
  2389 | D:3      | Found a glowing golden altar of the Shining One.
  2526 | D:3      | Found a runed door.
  3045 | D:3      | Noticed Crazy Yiuf
  3049 | D:3      | Killed Crazy Yiuf
  3280 | D:4      | Noticed an ogre
  3285 | D:4      | Noticed a centaur
  3285 | D:4      | Killed an ogre
  3285 | D:4      | Reached skill level 5 in Spellcasting
  3285 | D:4      | Reached XP level 6. HP: 32/32 MP: 8/15
  3299 | D:4      | Slain by a centaur

Vault maps used:
D:1:      shiori_shiawase
D:2:      nemelex_xobeh_ov_fountains_minmay, minmay_goblin_kobold_house,
          uniq_natasha, uniq_robin
D:3:      tso_metal_star, uniq_crazy_yiuf_cottage
D:4:      serial_shops, nicolae_shop_behind_doors, nicolae_shop_stone,
          shop_statue, uniq_duvessa

Skill      XL: |  1  2  3  4  5 |
---------------+----------------+-----
Conjurations   | 5 6 |  6.3
Dodging        | 3 |  3.6
Stealth        | 3 |  3.9
Spellcasting   | 4 5 |  5.1
Fighting       | |  0.2
Staves         | |  0.6
Unarmed Combat | |  0.1
Hexes          | |  0.3

Action                   |  1- 3 |  4- 6 || total
-------------------------+-------+-------++-------
Melee: Unarmed           |     8 |     2 ||    10
       Whip              |       |    69 ||    69
       Quarterstaff      |       |     9 ||     9
 Cast: Magic Dart        |    44 |    58 ||   102
       Searing Ray       |       |     3 ||     3
       Dazzling Spray    |       |     1 ||     1
  Use: Potion            |     1 |     3 ||     4
       Scroll            |       |     1 ||     1
 Stab: Sleeping          |       |     7 ||     7
  Eat: Chunk             |       |     7 ||     7
Armor: Skin              |     1 |       ||     1
       Robe              |       |    26 ||    26
Dodge: Dodged            |    14 |    91 ||   105
